 Dungeon Crawl Stone Soup version 0.31-a0-765-g67fe2935dc (webtiles) character file.

Game seed: 15421882817159856642

75 Maratek the Covered (level 4, -8/40 HPs)
             Began as a Minotaur Fighter on Sept 15, 2023.
             Mangled by Crazy Yiuf
             ... wielding a +3 quarterstaff of chaos
              (12 damage)
             ... on level 2 of the Dungeon.
             The game lasted 00:01:58 (1936 turns).

Maratek the Covered (Minotaur Fighter)              Turns: 1936, Time: 00:01:58

Health: -8/40      AC:  7    Str: 23    XL:     4   Next: 11%
Magic:  3/3        EV: 14    Int:  5    God:
Gold:   148        SH:  4    Dex:  9    Spells: 3/3 levels left

rFire   . . .        a - +0 war axe
rCold   . . .        c - +0 buckler
rNeg    . . .        b - +0 scale mail
rPois   .            (helmet restricted)
rElec   .            (no cloak)
rCorr   .            (no gloves)
SInv    .            (no boots)
Will    .....        (no amulet) Stlth
                     (no ring)
HPRegen 0.26/turn    (no ring)
MPRegen 0.08/turn

%: no passive effects
@: agile
A: horns 2, retaliatory headbutt
a: no special abilities


You were on level 2 of the Dungeon.
You visited 1 branch of the dungeon, and saw 2 of its levels.

You collected 148 gold pieces.

Inventory:

Hand Weapons
 a - a +0 war axe (weapon)
Missiles
 n - a throwing net
Armour
 b - a +0 scale mail (worn)
 c - a +0 buckler (worn)
Scrolls
 f - a scroll of torment {unknown}
 j - a scroll of fog {unknown}
 k - a scroll of noise {unknown}
 m - 2 scrolls of revelation {unknown}
Potions
 d - 2 potions of might
 e - a potion of lignification {unknown}
 g - a potion of heal wounds {unknown}
 h - a potion of ambrosia {unknown}
 i - 2 potions of brilliance {unknown}
 l - a potion of attraction {unknown}
 o - a potion of curing {unknown}


   Skills:
 + Level 4.1 Fighting
 + Level 4.0 Axes
 + Level 4.2 Armour
 + Level 0.5 Dodging
 + Level 3.9 Shields


You had 3 spell levels left.
You didn't know any spells.
Your spell library was empty.

Dungeon Overview and Level Annotations

Branches:
Dungeon (2/15)

Altars:

Shops:
D:2 =

Annotations:
D:2 Crazy Yiuf


Innate Abilities, Weirdness & Mutations

You have a pair of horns on your head.
You reflexively headbutt those who attack you in melee.


Message History

a +0 dagger; a goblin corpse You open the door.
There is an open door here.
You now have 132 gold pieces (gained 4).
You now have 139 gold pieces (gained 7).
You now have 143 gold pieces (gained 4).
You now have 148 gold pieces (gained 5).
There is an open door here.
There is an open door here.
Items here: )) †††.
There is an open door here.
Found a stone staircase leading up.
You see here a ball python corpse.
There is a stone staircase leading down here.
There is a faded altar of an unknown god here.
Crazy Yiuf shouts!
Could not explore, unopened runed door.
Crazy Yiuf sings, "Trees, trees, trees, circus!"
You open the door. You closely miss Crazy Yiuf. You block Crazy Yiuf's attack.
You hit Crazy Yiuf.
Crazy Yiuf is lightly wounded.
You block Crazy Yiuf's attack.
Crazy Yiuf hits you with a +3 quarterstaff of chaos!
You barely miss Crazy Yiuf.
Crazy Yiuf is lightly wounded.
Crazy Yiuf hits you but does no damage.
You hit Crazy Yiuf but do no damage.
Crazy Yiuf is lightly wounded.
Crazy Yiuf hits you with a +3 quarterstaff of chaos!
You feel agile all of a sudden.
You barely miss Crazy Yiuf. You headbutt Crazy Yiuf.
Crazy Yiuf is lightly wounded.
Crazy Yiuf hits you with a +3 quarterstaff of chaos!
* * * LOW HITPOINT WARNING * * *
Crazy Yiuf freezes you.
* * * LOW HITPOINT WARNING * * *
Crazy Yiuf laughs, "Whippet sow testudinal!"
Crazy Yiuf hits you with a +3 quarterstaff of chaos!
You die...

###...### #
###########.......###############
...............................##
##############################...
......# #.... #.###.# #....
..#<#.# ### ###### #.... #.#.#.#
#)..### ##P...###.... #.#.#.#
#...g@####.P.....#.... ..#.#.#
#...##..#......#.....# ....#.####
### ###.#.P...#.#...# .........#
#######.....).. .#.##.####
#........ ..∩##.#
########.####### .####.#
########.##.....# ......#
#........##.###.####### #.#####
#........##.#..........


You could see Crazy Yiuf.

Vanquished Creatures
  An adder (D:2)
  A dart slug (D:1)
  2 worms
  2 bats
  3 endoplasms (D:1)
  2 giant cockroaches (D:2)
  7 goblins
  11 hobgoblins
  4 quokkas
  6 ball pythons
  4 frilled lizards
  4 kobolds
  6 rats
53 creatures vanquished.

Notes
Turn   | Place    | Note
-------+----------+-------------------------------------------
     0 | D:1      | Maratek the Minotaur Fighter began the quest for the Orb.
     0 | D:1      | Reached XP level 1. HP: 19/19 MP: 0/0
   275 | D:1      | Reached XP level 2. HP: 27/27 MP: 1/1
   802 | D:1      | Reached XP level 3. HP: 33/33 MP: 2/2
  1305 | D:2      | Found a faded altar of an unknown god.
  1396 | D:2      | Found Coutumm's Jewellery Boutique.
  1547 | D:2      | Found a runed translucent door.
  1548 | D:2      | Noticed Crazy Yiuf
  1767 | D:2      | Reached XP level 4. HP: 40/40 MP: 3/3
  1936 | D:2      | Mangled by Crazy Yiuf

Illustrated notes

Levels and vault maps discovered:
D:1:      dpeg_arrival_brainrot, layout_basic
D:2:      cheibrodos_greedy_goblins, layout_basic, serial_shops, shop,
          basic_ecumenical_altar, uniq_crazy_yiuf_cottage

Skill      XL: |  1  2  3  4 |
---------------+-------------+-----
Fighting       | 4 |  4.1
Axes           | 3 4 |  4.0
Armour         | 4 |  4.2
Dodging        | |  0.5
Shields        | |  3.9

Action                     |  1- 3 |  4- 6 || total
---------------------------+-------+-------++-------
  Melee: War axe           |   100 |    17 ||   117
         Headbutt          |    10 |     2 ||    12
 Armour: Scale mail        |    62 |    11 ||    73
  Dodge: Dodged            |    54 |     2 ||    56
  Block: Buckler           |    24 |     6 ||    30

Table legend: (Time is in decaauts)
 A = Elapsed time spent in this place.
 B = Non-inter-level travel time spent in this place.
 C = Inter-level travel time spent in this place.
 D = Time resting spent in this place.
 E = Time spent auto-exploring this place.
 F = Levels seen in this place.
 G = Mean time per level.
                   A        B        C        D        E       F      G
               +--------+--------+--------+--------+--------+-----+--------+
         Total |   1978 |   1875 |    103 |      0 |   1582 |   2 |  989.0 |
       Dungeon |   1978 |   1875 |    103 |      0 |   1582 |   2 |  989.0 |
               +--------+--------+--------+--------+--------+-----+--------+

Top non-repeatable levels by time:
     D:1: 1162 daAuts
     D:2: 816 daAuts
